 Dungeon Sprint DCSS version 0.22-a0-429-g97ce8ef (webtiles) character file.

445 jerryfan the Arsonist (level 7, 0/57 HPs)
             Began as a Gnoll Wanderer on May 25, 2018.
             Succumbed to Sonja's curare-tipped needle
             ... in the Dungeon (Sprint I: "Red Sonja").
             The game lasted 00:05:05 (806 turns).

jerryfan the Arsonist (Gnoll Wanderer)               Turns: 806, Time: 00:05:05

Health: 0/57       AC:  7    Str: 16    XL:     7   Next: 3%
Magic:  15/15      EV: 12    Int: 15    God:
Gold:   297        SH:  0    Dex: 14    Spells: 17/17 levels left

rFire    . . .     SeeInvis .   a - +0 dagger (drain)
rCold    . . .     Gourm    .   (no shield)
rNeg     . . .     Faith    .   h - +0 scale mail
rPois    .         Spirit   .   (no helmet)
rElec    .         Reflect  .   (no cloak)
rCorr    .         Harm     .   (no gloves)
MR       .....     NoTele   +   (no boots)
Stlth    ++........             (no amulet)
HPRegen  0.19/turn              (no ring)
MPRegen  0.14/turn              (no ring)

@: lethally poisoned (0 -> -40), slowed, very slow
A: distributed training, fangs 1, strong nose
a: no special abilities


You were in the Dungeon.
You were not hungry.

You visited 1 branch You collected 297 gold pieces.

Inventory:

Hand Weapons
 a - a +0 dagger of draining (weapon)
 d - a +0 club
Armour
 c - a +0 robe
 h - a +0 scale mail (worn)
Scrolls
 b - a scroll of teleportation
 j - a scroll of identify {unknown}
 k - a scroll of blinking
Potions
 i - 2 potions of magic
Comestibles
 f - 2 rations
 l - 6 chunks of flesh


   Skills:
 + Level 5.7 Fighting
 + Level 5.0 Short Blades
 + Level 5.0 Long Blades
 + Level 5.0 Axes
 + Level 5.0 Maces & Flails
 + Level 5.0 Polearms
 + Level 5.0 Staves
 + Level 5.0 Slings
 + Level 5.0 Bows
 + Level 5.0 Crossbows
 + Level 5.7 Throwing
 + Level 6.8 Armour
 + Level 5.0 Dodging
 + Level 5.6 Stealth
 + Level 5.0 Shields
 + Level 5.0 Unarmed Combat
 + Level 5.8 Spellcasting
 + Level 4.1 Conjurations
 + Level 4.1 Hexes
 + Level 4.1 Charms
 + Level 4.1 Summonings
 + Level 4.1 Necromancy
 + Level 4.1 Translocations
 + Level 4.1 Transmutations
 + Level 8.3 Fire Magic
 + Level 4.1 Ice Magic
 + Level 4.1 Air Magic
 + Level 4.1 Earth Magic
 + Level 4.1 Poison Magic
 + Level 5.5 Invocations
 + Level 5.0 Evocations


You had 17 spell levels left.
You didn't know any spells.
Your spell library contained the following spells:

 Spells                   Type           Power        Failure   Level  Hunger
 Fireball                 Conj/Fire      ###.......   69%         5    ######.
 Conjure Flame            Conj/Fire      ###.....     11%         3    ###....
 Throw Flame              Conj/Fire      ###...       5%          2    #......
 Sticky Flame             Conj/Fire      ###.....     34%         4    ####...
 Flame Tongue             Conj/Fire      ###..        3%          1    None
 Inner Flame              Hex/Fire       ###.....     11%         3    ###....


Dungeon Overview and Level Annotations

Branches:
Dungeon (1/1)

Altars:
Cheibriados
Dithmenos
Elyvilon
Fedhas
Gozag
Hepliaklqana
Kikubaaqudgha
Makhleb
Nemelex Xobeh
Okawaru
Qazlal
Ru
Sif Muna
Trog
Uskayaw
Vehumet
Wu Jian
Xom
Yredelemnul
Zin
The Shining One
Jiyva
Lugonu

Shops:
D [

Annotations:
D Sonja


Innate Abilities, Weirdness & Mutations

Your experience applies equally to all skills.
You have very sharp teeth.
Your uncanny sense of smell can sniff out nearby items.


Message History

Sonja gestures wildly while chanting.
Sonja blinks!
* * * LOW HITPOINT WARNING * * *
You feel very sick.
Sonja unwields an uncursed short sword of venom.
It stops dripping with poison.
Sonja wields an uncursed blowgun.
Sonja shoots a curare-tipped needle.
The curare-tipped needle hits you.
You are more poisoned.
You have difficulty breathing.
* * * LOW HITPOINT WARNING * * *
You feel as though you will be slow longer.
Sonja shoots a curare-tipped needle.
The curare-tipped needle completely misses you.
There is an open door here.
You see here a curare-tipped needle.
Firing (i - inventory) No suitable missiles.
Press: ? - help, Shift-Dir - straight line, f - Sonja
Aim: Sonja, wielding a blowgun (moderately wounded, lightly drained)
Okay, then.
You die...

################ ##
#<.#..'..#..'..#__#∆∆
#..'..#).').#..+J.+∆∆
#..#####'#####'#__#
#..####..#(..#.# ##§∆
#..#__####..##.#§§§§
#..#_____##(#_.+≈≈§
#⌠⌠#_.∩...'@.._#§§≈§c#
####_..__##_K#+# +####
∆∆#_____###'#∆ ∆∆∆∆
####### #.# ∆ $.$ ∆∆
∆∆ ∆ $.$# ##.## ∆#+#∆
∆∆∆∆∆


You could see Sonja.

Vanquished Creatures
  Sigmund (D)
  A yak (D)
  An ogre (D)
  A jelly (D)
  Ijyb (D)
5 creatures vanquished.

Notes
Turn   | Place    | Note
-------+----------+-------------------------------------------
     0 | D        | jerryfan the Gnoll Wanderer began the quest for the Orb.
     0 | D        | jerryfan set off with: a scroll of teleportation, a +0 robe, a +0 club, a potion of curing, a ration, a potion of heal wounds, a potion of haste, 2 potions of magic, a potion of berserk rage, a scroll of blinking
     0 | D        | Reached XP level 1. HP: 17/17 MP: 4/4
     1 | D        | Noticed Ijyb
    18 | D        | Killed Ijyb
    18 | D        | Reached skill level 1 in Short Blades
    18 | D        | Reached skill level 1 in Long Blades
    18 | D        | Reached skill level 1 in Axes
    18 | D        | Reached skill level 1 in Maces & Flails
    18 | D        | Reached skill level 1 in Polearms
    18 | D        | Reached skill level 1 in Staves
    18 | D        | Reached skill level 1 in Slings
    18 | D        | Reached skill level 1 in Bows
    18 | D        | Reached skill level 1 in Crossbows
    18 | D        | Reached skill level 1 in Dodging
    18 | D        | Reached skill level 1 in Shields
    18 | D        | Reached skill level 1 in Unarmed Combat
    18 | D        | Reached skill level 1 in Conjurations
    18 | D        | Reached skill level 1 in Hexes
    18 | D        | Reached skill level 1 in Charms
    18 | D        | Reached skill level 1 in Summonings
    18 | D        | Reached skill level 1 in Necromancy
    18 | D        | Reached skill level 1 in Translocations
    18 | D        | Reached skill level 1 in Transmutations
    18 | D        | Reached skill level 1 in Ice Magic
    18 | D        | Reached skill level 1 in Air Magic
    18 | D        | Reached skill level 1 in Earth Magic
    18 | D        | Reached skill level 1 in Poison Magic
    18 | D        | Reached skill level 1 in Evocations
    18 | D        | Reached XP level 2. HP: 14/24 MP: 6/6
    18 | D        | Reached XP level 3. HP: 17/29 MP: 7/7
   204 | D        | Noticed an ogre
   219 | D        | Killed an ogre
   219 | D        | Reached skill level 5 in Armour
   219 | D        | Reached XP level 4. HP: 20/37 MP: 8/10
   355 | D        | Noticed Sigmund
   379 | D        | Killed Sigmund
   379 | D        | Reached skill level 5 in Fighting
   379 | D        | Reached skill level 5 in Throwing
   379 | D        | Reached skill level 5 in Spellcasting
   379 | D        | Reached skill level 8 in Fire Magic
   379 | D        | Reached XP level 5. HP: 15/44 MP: 10/12
   379 | D        | Reached XP level 6. HP: 17/51 MP: 10/13
   605 | D        | Found an ornate altar of the Wu Jian Council.
   605 | D        | Found a deep blue altar of Sif Muna.
   607 | D        | Found a radiant altar of Vehumet.
   614 | D        | Reached skill level 5 in Stealth
   665 | D        | Found Efuybuuj's Armour Emporium.
   665 | D        | Found an ancient bone altar of Kikubaaqudgha.
   665 | D        | Found a hazy altar of Hepliaklqana.
   665 | D        | Found a stormy altar of Qazlal.
   665 | D        | Found a hide-covered altar of Uskayaw.
   665 | D        | Found a blossoming altar of Fedhas.
   665 | D        | Found a bloodstained altar of Trog.
   665 | D        | Found an iron altar of Okawaru.
   665 | D        | Found a basalt altar of Yredelemnul.
   665 | D        | Found a glowing golden altar of the Shining One.
   665 | D        | Found a snail-covered altar of Cheibriados.
   665 | D        | Found a sacrificial altar of Ru.
   665 | D        | Found a glowing silver altar of Zin.
   665 | D        | Found a shadowy altar of Dithmenos.
   665 | D        | Found a white marble altar of Elyvilon.
   665 | D        | Noticed a yak
   666 | D        | Found an opulent altar of Gozag.
   683 | D        | Killed a yak
   683 | D        | Reached skill level 5 in Short Blades
   683 | D        | Reached skill level 5 in Long Blades
   683 | D        | Reached skill level 5 in Axes
   683 | D        | Reached skill level 5 in Maces & Flails
   683 | D        | Reached skill level 5 in Polearms
   683 | D        | Reached skill level 5 in Staves
   683 | D        | Reached skill level 5 in Slings
   683 | D        | Reached skill level 5 in Bows
   683 | D        | Reached skill level 5 in Crossbows
   683 | D        | Reached skill level 5 in Dodging
   683 | D        | Reached skill level 5 in Shields
   683 | D        | Reached skill level 5 in Unarmed Combat
   683 | D        | Reached skill level 5 in Invocations
   683 | D        | Reached skill level 5 in Evocations
   683 | D        | Reached XP level 7. HP: 39/57 MP: 13/15
   684 | D        | Found a sparkling altar of Nemelex Xobeh.
   774 | D        | Found a burning altar of Makhleb.
   774 | D        | Found a viscous altar of Jiyva.
   774 | D        | Found a shimmering altar of Xom.
   774 | D        | Found a corrupted altar of Lugonu.
   774 | D        | Noticed a slime creature
   780 | D        | Noticed a centaur warrior
   784 | D        | Noticed Sonja
   806 | D        | Succumbed to Sonja's curare-tipped needle

Vault maps used:
D:        dungeon_sprint_1

Skill      XL: |  1  2  3  4  5  6 |
---------------+-------------------+-----
Fighting       | 3 4 5 |  5.7
Short Blades   | 1 3 4 5 |  5.0
Long Blades    | 1 3 4 5 |  5.0
Axes           | 1 3 4 5 |  5.0
Maces & Flails | 1 3 4 5 |  5.0
Polearms       | 1 3 4 5 |  5.0
Staves         | 1 3 4 5 |  5.0
Slings         | 1 3 4 5 |  5.0
Bows           | 1 3 4 5 |  5.0
Crossbows      | 1 3 4 5 |  5.0
Throwing       | 3 4 5 |  5.7
Dodging        | 1 3 4 5 |  5.0
Shields        | 1 3 4 5 |  5.0
Unarmed Combat | 1 3 4 5 |  5.0
Spellcasting   | 3 4 5 |  5.8
Conjurations   | 1 2 3 4 |  4.1
Hexes          | 1 2 3 4 |  4.1
Charms         | 1 2 3 4 |  4.1
Summonings     | 1 2 3 4 |  4.1
Necromancy     | 1 2 3 4 |  4.1
Translocations | 1 2 3 4 |  4.1
Transmutations | 1 2 3 4 |  4.1
Ice Magic      | 1 2 3 4 |  4.1
Air Magic      | 1 2 3 4 |  4.1
Earth Magic    | 1 2 3 4 |  4.1
Poison Magic   | 1 2 3 4 |  4.1
Invocations    | 2 3 4 5 |  5.5
Evocations     | 1 3 4 5 |  5.0
Armour         | 5 6 |  6.8
Stealth        | 3 4 5 |  5.6
Fire Magic     | 8 |  8.3

Action                   |  1- 3 |  4- 6 |  7- 9 || total
-------------------------+-------+-------+-------++-------
Melee: Club              |    13 |       |       ||    13
       Bite              |     4 |     2 |       ||     6
       Dagger            |     7 |    35 |    14 ||    56
       Punch             |       |     2 |       ||     2
  Use: Potion            |     2 |       |     2 ||     4
 Stab: Sleeping          |     1 |       |       ||     1
Armor: Scale mail        |       |     6 |    14 ||    20
Dodge: Dodged            |     6 |    14 |    27 ||    47

Table legend:
 A = Spawn XP
 B = Non-spawn XP
 C = Spawn XP percentage of total XP
 D = Spawn monster count
 E = Non-spawn monster count
 F = Spawn count percentage of total count
 G = Total turns spent on level
                    A         B        C        D         E        F      G
               +---------+---------+-------+---------+---------+-------+---------
         Total |       0 |     637 |   0.0 |       0 |       5 |   0.0 |   806
               +---------+---------+-------+---------+---------+-------+---------
             D |       0 |     637 |   0.0 |       0 |       5 |   0.0 |   806
               +---------+---------+-------+---------+---------+-------+---------
